 Dungeon Crawl Stone Soup version 0.19.5 (webtiles) character file.

2446 equalderp2856 the Gouger (level 9, -3/40 HPs)
             Began as a Felid Fighter on Mar 11, 2017.
             Slain by an orc priest
             ... wielding a +0 dagger
              (4 damage)
             ... on level 12 of the Dungeon.
             The game lasted 00:52:45 (19664 turns).

equalderp2856 the Gouger (Felid Fighter)           Turns: 19664, Time: 00:52:45

Health: -3/40      AC:  2    Str: 13    XL:     9   Next: 25%
Magic:  13/13      EV: 26    Int: 10    God:
Gold:   663        SH:  0    Dex: 18    Spells: 3 memorised, 7 levels left
                                        Lives:  0   Deaths: 3

rFire  . . .     SeeInvis +       - Unarmed
rCold  . . .     Gourm    .     (armour unavailable)
rNeg   . . .     Faith    .     (shield unavailable)
rPois  .         Spirit   .     (helmet unavailable)
rElec  .         Reflect  .     (cloak unavailable)
rCorr  .         Harm     .     (gloves unavailable)
MR     +....                    (boots unavailable)
Stlth  +++++.....               (no amulet)
                                (no ring)
                                (no ring)

@: quick
A: no armour, no weapons or thrown items, stealth, claws 1, fangs 3, see
invisible, carnivore 3, speed 1, shaggy fur 2, slow metabolism 1, sharp paws
a: no special abilities


You were on level 12 of the Dungeon.
You were not hungry.

You visited 2 branches of the dungeon, and saw 13 of its levels.

You collected 663 gold pieces.

Inventory:

Missiles
 y - 87 arrows
Jewellery
 h - an uncursed ring of protection from fire {unknown}
 x - a cursed -3 ring of evasion {unknown}
Wands
 g - a wand of iceblast (9/15)
 m - a wand of slowing (19/48)
 s - a wand of polymorph (14/24)
 w - a wand of enslavement (13/24)
 E - a wand of confusion (13/48)
 J - a wand of enslavement (15/24)
Scrolls
 c - a scroll of identify
 e - 11 scrolls of remove curse
 i - a scroll of amnesia
 l - a scroll of enchant weapon
 r - 3 scrolls of enchant armour
 B - a scroll of fear
 I - 2 scrolls of recharging
Potions
 a - 2 potions of might
 d - a potion of berserk rage {unknown}
 f - 3 potions of agility
 k - 2 potions of haste
 o - a potion of resistance {unknown}
 p - 2 potions of degeneration {unknown}
 q - a potion of lignification {unknown}
 u - 2 potions of curing
 z - 3 potions of flight
 G - 3 potions of brilliance {unknown}
 H - a potion of cancellation {unknown}
Books
 A - a book of Enchantments

   Spells                             Type                      Level
   a - Cause Fear                     Hexes                        4
   b - Yara's Violent Unravelling     Hexes/Transmutation          5
   c - Silence                        Hexes/Air                    5
   d - Deflect Missiles               Charms/Air                   6
   e - Discord                        Hexes                        8
 C - a book of Changes

   Spells                             Type                      Level
   a - Beastly Appendage              Transmutation                1
   b - Sticks to Snakes               Transmutation                2
   c - Spider Form                    Transmutation/Poison         3
   d - Ice Form                       Ice/Transmutation            4
   e - Blade Hands                    Transmutation                5
 K - a book of Callings

   Spells                             Type                      Level
   a - Summon Small Mammal            Summoning                    1
   b - Call Imp                       Summoning                    2
   c - Call Canine Familiar           Summoning                    3
   d - Summon Guardian Golem          Hexes/Summoning              3
   e - Summon Lightning Spire         Summoning/Air                4
   f - Summon Ice Beast               Ice/Summoning                4
 L - a book of Ice

   Spells                             Type                      Level
   a - Ice Form                       Ice/Transmutation            4
   b - Metabolic Englaciation         Hexes/Ice                    5
   c - Ozocubu's Refrigeration        Ice                          6
   d - Bolt of Cold                   Conjuration/Ice              6
   e - Freezing Cloud                 Conjuration/Ice/Air          6
   f - Simulacrum                     Ice/Necromancy               6
Comestibles
 b - 5 meat rations
 j - 11 royal jellies
 t - 4 beef jerkies
 v - 3 slices of pizza
 F - 3 bread rations


   Skills:
 + Level 5.1 Fighting
 + Level 9.7 Dodging
 + Level 9.0 Stealth
 + Level 13.7 Unarmed Combat
 * Level 2.0 Spellcasting
 + Level 0.4 Summonings
 + Level 0.7 Transmutations


You had 7 spell levels left.
You knew the following spells:

 Your Spells              Type           Power        Failure   Level  Hunger
a - Sticks to Snakes      Tmut           #.......     38%         2    ###....
b - Summon Small Mammal   Summ           #...         30%         1    ##.....
c - Call Imp              Summ           #.......     47%         2    ###....


Dungeon Overview and Level Annotations

Branches:
Dungeon (12/15)            Temple (1/1) D:4            Lair (0/6) D:11
    Orc (0/2) D:10

Altars:
Ashenzari
Cheibriados
Dithmenos
Elyvilon
Fedhas
Gozag
Hepliaklqana
Kikubaaqudgha
Makhleb
Nemelex Xobeh
Okawaru
Qazlal
Ru
Sif Muna
Trog
Uskayaw
Vehumet
Xom
Yredelemnul
Zin
The Shining One

Shops:
D:5 %?*:   D:6 (   D:9 %

Annotations:
D:11 Erolcha
D:12 Psyche


Innate Abilities, Weirdness & Mutations

You cannot wear armour.
You are incapable of wielding weapons or throwing items.
Your paws allow you to move quietly. (Stealth)
You have sharp claws.
You have razor-sharp teeth.
You have supernaturally acute eyesight. (SInv)
You are carnivorous and can eat meat at any time.
You cover ground quickly.
You are covered in thick fur. (AC +2)
You have a slow metabolism.
Your sharp claws are effective at attacking unaware monsters.


Message History

You closely miss the orc wizard. Your bite misses the orc wizard.
The orc wizard is almost dead.
The orc priest hits you but does no damage.
The orc wizard hits you with a dagger. The orc warrior completely misses you.
The orc priest misses you.
The orc wizard hits you but does no damage.
The orc warrior barely misses you.
You closely miss the orc priest. Your bite misses the orc priest.
The orc priest completely misses you.
The orc priest mumbles some strange prayers to Beogh against you.
Beogh smites you!
* * * LOW HITPOINT WARNING * * *
The orc wizard casts a spell.
The orc wizard flickers and vanishes for a moment.
The orc closely misses you.
You feel better.
The orc warrior hits you from afar with a halberd!
* * * LOW HITPOINT WARNING * * *
The orc priest hits you with a dagger.
You die...

#.<.....# #.......#
#.......#
#.....######
#.....##...##
#.....#.....#
##.#..#.o...+
#.####..ooo#
.#######....##.o@#
O.....##....#######
#.............#
###.......#.###
#..####..#.##
#.......###.#
#.#....## ###
#.#...#.##
#.#...#..#


You could see an orc warrior, 2 orc priests, an orc wizard (invisible) and an
orc.

Vanquished Creatures
  An ogre mage (D:9)
  Maurice (D:10)
  A komodo dragon (D:10)
  A troll (D:8)
  3 hippogriffs
  6 yaks
  A wyvern (D:11)
  A shadow (D:12)
  A steam dragon (D:8)
  2 hungry ghosts
  A water moccasin (D:5)
  2 porcupines
  An orc warrior (D:8)
  An ice beast (D:12)
  A black bear (D:8)
  A sky beast (D:9)
  2 necrophages
  11 ogres
  A phantom (D:7)
  3 centaurs
  Blork the orc (D:5)
  3 big kobolds
  3 bullfrogs
  A wyvern zombie (D:4)
  2 water moccasin skeletons
  3 scorpions
  4 wights (D:7)
  3 howler monkeys
  4 crimson imps
  A bullfrog zombie (D:9)
  A centaur zombie (D:10)
  15 hounds
  5 jellies
  2 bullfrog skeletons
  3 orc priests
  Crazy Yiuf (D:7)
  5 orc wizards
  An iguana (D:4)
  Natasha (thrice) (D:2)
  9 worker ants
  A hound skeleton (D:4)
  11 adders
  A howler monkey skeleton (D:5)
  4 shadow imps
  4 white imps
  6 oozes
  4 worms
  2 dart slugs
  6 leopard geckos
  24 orcs
  2 ball pythons
  6 giant cockroaches
  6 goblins
  7 hobgoblins
  6 jackals
  28 kobolds
  5 quokkas
  7 bats
  10 frilled lizards
  A jackal skeleton (D:7)
  3 leopard gecko skeletons
  A quokka skeleton (D:1)
  8 rats
265 creatures vanquished.

Vanquished Creatures (others)
  2 orcs (D:11)
  5 plants (D:11)
7 creatures vanquished.

Grand Total: 272 creatures vanquished

Notes
Turn   | Place    | Note
-------+----------+-------------------------------------------
     0 | D:1      | equalderp2856 the Felid Fighter began the quest for the Orb.
     0 | D:1      | Reached XP level 1. HP: 10/10 MP: 2/2
   157 | D:1      | Reached XP level 2. HP: 10/14 MP: 3/3
   878 | D:1      | Reached XP level 3. HP: 15/17 MP: 4/4
  1019 | D:1      | You fall through a shaft!
  1395 | D:2      | Noticed Natasha
  1414 | D:2      | Killed Natasha
  1414 | D:2      | Reached skill level 5 in Unarmed Combat
  1414 | D:2      | Reached XP level 4. HP: 21/21 MP: 5/5
  1426 | D:2      | Noticed Natasha
  1614 | D:3      | Reached skill level 5 in Dodging
  1626 | D:3      | Found a bloodstained altar of Trog.
  2193 | D:4      | Found a staircase to the Ecumenical Temple.
  2230 | D:4      | Reached skill level 1 in Stealth
  2396 | D:4      | Slain by a wyvern zombie
  2397 | D:4      | Reached XP level 3. HP: -5/17 MP: 4/4
  2435 | D:4      | Reached XP level 4. HP: 4/21 MP: 5/5
  2936 | D:4      | Noticed an ogre
  3140 | D:3      | Killed an ogre
  3140 | D:3      | Reached skill level 6 in Unarmed Combat
  3140 | D:3      | Reached XP level 5. HP: 24/24 MP: 6/6
  3454 | D:3      | Gained mutation: You are covered in thick fur. (AC +2) [Felid growth]
  3454 | D:3      | Reached XP level 6. HP: 19/28 MP: 7/7
  4132 | D:4      | Found a shimmering altar of Xom.
  4253 | D:5      | Entered Level 5 of the Dungeon
  4863 | Temple   | Entered the Ecumenical Temple
  5208 | D:5      | Reached skill level 7 in Unarmed Combat
  5356 | D:5      | Found Magg's Magic Scroll Shop.
  5912 | D:4      | Reached XP level 7. HP: 20/31 MP: 8/8
  6206 | D:5      | Noticed Blork the orc
  6778 | D:4      | Reached skill level 8 in Unarmed Combat
  6828 | D:5      | Killed Blork the orc
  6849 | D:5      | Found Giuxem's Book Shoppe.
  6961 | D:5      | Found a shimmering altar of Xom.
  7046 | D:5      | Found Puexiahi's General Store.
  7137 | D:5      | Reached XP level 8. HP: 36/36 MP: 9/9
  7155 | D:5      | Found Xipof's Food Emporium.
  7246 | D:5      | Found a glowing golden altar of the Shining One.
  7246 | D:5      | Found a hazy altar of Hepliaklqana.
  7344 | D:6      | Reached skill level 9 in Unarmed Combat
  8178 | D:2      | Found a faded altar of an unknown god.
  8544 | D:2      | Killed Natasha
  8911 | D:2      | Noticed Natasha
  8916 | D:2      | Killed Natasha
  9342 | D:6      | Found Usmy's Antique Weapon Shoppe.
  9956 | D:6      | Reached skill level 5 in Stealth
 10476 | D:7      | Reached skill level 10 in Unarmed Combat
 10607 | D:7      | You fall through a shaft!
 10854 | D:8      | Reached XP level 9. HP: 38/39 MP: 10/10
 11547 | D:7      | Found a runed door.
 12247 | D:7      | Noticed Crazy Yiuf
 12252 | D:7      | Killed Crazy Yiuf
 12506 | D:8      | Reached skill level 11 in Unarmed Combat
 13667 | D:9      | Noticed a troll
 14401 | D:8      | Killed a troll
 14401 | D:8      | Reached skill level 12 in Unarmed Combat
 14401 | D:8      | Reached XP level 10. HP: 27/43 MP: 11/11
 14636 | D:9      | Found Berch's Food Emporium.
 14855 | D:10     | Entered Level 10 of the Dungeon
 14858 | D:10     | Found a staircase to the Orcish Mines.
 14976 | D:10     | Noticed Maurice
 15002 | D:10     | Killed Maurice
 15099 | D:10     | Noticed a hill giant
 15175 | D:8      | Learned a level 2 spell: Sticks to Snakes
 15718 | D:8      | HP: 2/43 [yak (15)]
 16275 | D:9      | Reached skill level 5 in Fighting
 17214 | D:9      | Reached skill level 13 in Unarmed Combat
 17262 | D:9      | Noticed an ogre mage
 17273 | D:9      | Killed an ogre mage
 17487 | D:9      | Learned a level 1 spell: Summon Small Mammal
 17490 | D:9      | Learned a level 2 spell: Call Imp
 18068 | D:10     | Reached skill level 1 in Spellcasting
 18483 | D:11     | Noticed a wizard
 18790 | D:11     | Found a staircase to the Lair.
 18790 | D:11     | Noticed a cyclops
 18800 | D:10     | Impaled on a porcupine's spines
 18801 | D:10     | Reached XP level 9. HP: -3/40 MP: 11/11
 18891 | D:10     | Killed a komodo dragon
 18891 | D:10     | Reached XP level 10. HP: 36/44 MP: 11/13
 18948 | D:11     | Noticed an unseen horror
 19009 | D:11     | Noticed a green ugly thing
 19011 | D:11     | Noticed a cyan ugly thing
 19153 | D:11     | Noticed a gargoyle
 19156 | D:11     | Noticed a five-headed hydra
 19161 | D:11     | Noticed a manticore
 19208 | D:11     | Noticed Erolcha
 19642 | D:12     | Noticed Psyche
 19646 | D:12     | Slain by a porcupine
 19647 | D:12     | Reached XP level 9. HP: -2/40 MP: 13/13
 19664 | D:12     | HP: 1/40 [orc warrior/halberd (13)]
 19664 | D:12     | Slain by an orc priest

Skill      XL: |  1  2  3  4  5  6  7  8  9 10 |
---------------+-------------------------------+-----
Unarmed Combat | 5 6 7 8 10 12 13 | 13.7
Dodging        | 5 6 7 8 9 |  9.7
Stealth        | 2 3 4 6 8 9 |  9.0
Fighting       | 4 5 |  5.1
Spellcasting   | 2 |  2.0
Summonings     | |  0.4
Transmutations | |  0.7

Action                   |  1- 3 |  4- 6 |  7- 9 | 10-12 || total
-------------------------+-------+-------+-------+-------++-------
Melee: Unarmed           |   116 |   203 |   420 |   300 ||  1039
       Bite              |     9 |    29 |    47 |    34 ||   119
       Punch             |     1 |     2 |    19 |    18 ||    40
 Cast: Sticks to Snakes  |       |       |       |     3 ||     3
       Summon Small Mamm |       |       |       |     1 ||     1
  Use: Scroll            |       |       |    10 |     6 ||    16
       Potion            |       |       |     2 |     4 ||     6
 Stab: Sleeping          |       |     3 |    16 |     4 ||    23
       Distracted        |       |     1 |     2 |     2 ||     5
  Eat: Chunk             |     8 |     8 |    22 |    11 ||    49
Armor: Skin              |    12 |     6 |    18 |     5 ||    41
Dodge: Dodged            |   126 |   202 |   333 |   271 ||   932
